Map: Darkness Sanctuary LE

Players

Test

  • Race: Terran Terran
  • League: Silver
  • Spawn Location: 1:00

Loki - Winner!

  • Race: Terran Terran
  • League: Platinum
  • Spawn Location: 7:00

VOD

Have the link to the VOD?

Description

Time

  • Played on: May 15, 2018, 6:30 p.m.
  • Length: 23:14
Show
View Real Time Build Order
Export as new Build Order

Test Terran 

Build Orders: Mech 

Get SALT Encoding   

  12  0:00  SCV  
  13  0:12  SCV  
  14  0:19  Refinery  
  14  0:30  SCV, Supply Depot  
  15  0:52  SCV  
  15  0:53  Barracks  
  16  1:04  SCV  
  17  1:07  Barracks  
  17  1:16  SCV  
  18  1:28  SCV, Barracks  
  19  1:43  Barracks Reactor  
  19  1:46  Barracks  
  19  2:02  Marine  
  19  2:06  Supply Depot  
  20  2:11  Orbital Command  
  20  2:16  Barracks Reactor  
  21  2:29  Marine x2  
  23  2:32  Barracks Reactor  
  23  2:34  Barracks Tech Lab  
  22  2:39  Barracks Reactor  
  22  2:47  Marine x2  
  24  3:00  Supply Depot  
  24  3:04  Marine x2  
  26  3:07  Marine x2  
  26  3:08  Marine  
  29  3:16  Stimpack  
  29  3:18  Marine  
  30  3:22  Marine  
  30  3:23  Marine  
  32  3:28  Marine  
  32  3:29  Marine  
  34  3:36  Supply Depot  
  34  3:46  Engineering Bay  
  34  3:47  Marine  
  35  3:49  Marine  
  35  3:55  Marine  
  37  3:56  Marine  
  37  4:02  Marine  
  39  4:03  Marine  
  39  4:04  Marine  
  41  4:12  Supply Depot  
  41  4:14  Marine  
  42  4:21  Marine x2  
  42  4:22  Marine  
  42  4:23  Marine  
  46  4:29  Marine  
  47  4:33  Marine  
  33  5:01  Command Center  
  33  5:02  Missile Turret  
  33  5:13  Marine  
  35  5:20  Refinery, Factory  
  34  5:37  Factory  
  34  5:38  Terran Infantry Weapons Level 1  
  34  5:53  Barracks Tech Lab, Missile Turret  
  34  6:00  Marine x2  
  34  6:01  Marine x2  
  38  6:15  Starport  
  38  6:17  SCV  
  39  6:26  Orbital Command  
  39  6:29  SCV  
  40  6:36  Siege Tank  
  43  6:41  SCV  
  44  6:49  Refinery  
  44  6:53  SCV  
  45  6:55  SCV  
  46  7:05  SCV, Medivac  
  46  7:07  SCV  
  50  7:12  Siege Tank  
  53  7:17  SCV  
  53  7:19  SCV  
  55  7:29  SCV  
  56  7:31  SCV  
  56  7:35  Medivac  
  59  7:42  SCV  
  60  7:47  Factory  
  60  7:51  Refinery  
  60  7:57  Marine  
  60  7:58  Marine x3  
  63  7:59  Siege Tank  
  63  8:03  Marine x2  
  69  8:15  Marine  
  70  8:24  Marine x5  
  70  8:25  Supply Depot  
  75  8:30  SCV x2  
  75  8:33  Marine  
  78  8:42  Marine x2, SCV  
  78  8:43  Medivac  
  78  8:46  Siege Tank  
  86  8:55  Armory  
  86  9:07  Marine  
  87  9:18  Siege Tank  
  87  9:19  Liberator  
  84  9:39  Command Center  
  84  9:56  SCV  
  84  9:59  SCV  
  86  10:08  SCV  
  86  10:11  SCV  
  86  10:13  Barracks Tech Lab  
  88  10:16  Liberator  
  88  10:21  SCV  
  89  10:33  SCV, Liberator  
  93  10:40  Terran Vehicle Weapons Level 1, Terran Infantry Armor Level 1  
  93  10:42  Supply Depot x3  
  93  10:45  SCV, Supply Depot  
  94  10:54  SCV, Refinery  
  99  10:57  SCV  
  99  11:01  Marine x3  
  103  11:04  Liberator  
  103  11:05  Orbital Command  
  103  11:06  SCV  
  103  11:09  SCV  
  104  11:21  SCV, Sensor Tower  
  104  11:25  Marine x2  
  110  11:28  Combat Shields  
  110  11:32  Siege Tank  
  113  11:33  SCV x2  
  113  11:39  SCV  
  116  11:45  SCV x2  
  118  11:48  Refinery  
  118  11:51  SCV  
  119  12:00  SCV  
  121  12:01  SCV  
  121  12:04  SCV  
  121  12:06  Marine x2  
  121  12:07  Cyclone  
  127  12:12  SCV  
  127  12:13  SCV, Liberator x2  
  129  12:16  SCV  
  130  12:23  Missile Turret  
  130  12:25  SCV x2, Missile Turret x2  
  130  12:28  SCV  
  133  12:34  Terran Infantry Weapons Level 2  
  133  12:37  SCV x2  
  140  12:43  Missile Turret, Supply Depot  
  140  12:44  Terran Vehicle Weapons Level 2, Supply Depot x2  
  141  12:56  Sensor Tower, Liberator x2  
  141  13:04  Marine x4, Cyclone  
  148  13:12  Fusion Core  
  148  13:16  Supply Depot  
  148  13:17  Supply Depot  
  148  13:18  Supply Depot  
  154  13:21  Supply Depot  
  154  13:22  Marine x3  
  157  13:29  Supply Depot  
  157  13:37  Cyclone  
  157  13:39  Liberator  
  160  13:43  Marine  
  160  13:44  Marine  
  162  13:54  Supply Depot  
  162  13:56  Medivac  
  167  14:03  Marine x4  
  167  14:09  Cyclone  
  174  14:20  Marine  
  174  14:21  Marine x3  
  178  14:26  Medivac  
  172  14:38  Marine x2  
  172  14:39  Marine x2  
  172  14:41  Cyclone  
  126  14:56  Marine x2  
  126  14:57  Marine x2  
  126  14:59  Viking x2  
  132  15:03  Terran Vehicle Weapons Level 3  
  132  15:04  Terran Infantry Weapons Level 3  
  132  15:13  Cyclone  
  135  15:14  Marine x3  
  127  15:29  Viking x2  
  110  15:44  Marine x2  
  110  15:45  Marine x2, Cyclone  
  117  15:57  Cyclone, Barracks  
  117  15:59  Viking x2  
  117  16:02  Marine x4  
  128  16:17  Command Center, Cyclone  
  131  16:20  Marine x4  
  135  16:29  Viking x2  
  139  16:38  Marine x4  
  143  16:42  Liberator x2  
  143  16:44  Barracks  
  143  16:46  Smart Servos  
  143  16:49  Cyclone  
  143  16:53  Cyclone  
  149  16:56  Marine x4  
  159  17:12  Command Center  
  159  17:13  Marine  
  159  17:14  Marine x3  
  163  17:17  Sensor Tower  
  163  17:21  Siege Tank  
  166  17:25  Widow Mine  
  168  17:31  Marine x3  
  168  17:34  Planetary Fortress  
  171  17:37  Marine  
  171  17:40  Terran Vehicle And Ship Armor Level 1  
  171  17:42  Viking x2  
  176  17:47  Widow Mine  
  176  17:49  Marine  
  179  17:53  Siege Tank  
  169  18:08  Widow Mine  
  169  18:12  Viking x2  
  163  18:25  Siege Tank  
  160  18:29  Marine x5, Marauder  
  167  18:42  Viking  
  167  18:47  Marine  
  172  18:56  Medivac  
  172  18:58  Siege Tank  
  172  19:10  Refinery  
  172  19:12  Medivac  
  172  19:13  SCV x2, Refinery  
  171  19:26  Medivac  
  171  19:30  Siege Tank  
  164  19:38  Terran Vehicle And Ship Armor Level 2  
  164  19:42  Medivac  
  166  19:56  Medivac  
  166  19:59  Marine x2  
  168  20:00  Marine  
  168  20:02  Siege Tank  
  164  20:09  Marine  
  164  20:12  Medivac  
  167  20:17  Marine x3  
  170  20:25  Terran Infantry Armor Level 2  
  170  20:26  Medivac  
  172  20:34  Cyclone  
  134  20:38  Marine  
  134  20:39  Marine x3  
  134  20:42  Medivac  
  120  20:56  Marine x2, Medivac  
  124  20:57  Marine x2  
  126  21:06  Siege Tank  
  129  21:12  Command Center  
  129  21:14  Marine x2  
  131  21:22  Medivac  
  133  21:26  Medivac  
  133  21:31  Command Center  
  135  21:38  Siege Tank  
  138  21:46  Factory  
  138  21:52  Marine x3  
  115  22:05  Viking x2  
  112  22:10  Siege Tank  
  99  22:26  Hellbat  
  101  22:31  SCV  
  101  22:35  Viking x2  
  106  22:42  Siege Tank  
  106  22:43  SCV  
  110  22:51  Refinery  
  110  22:52  Refinery  
  110  22:55  SCV  
Show
View Real Time Build Order
Export as new Build Order

Loki Terran - Winner!

Build Orders: Bio Tank 

Get SALT Encoding   

  12  0:01  SCV  
  13  0:13  SCV  
  14  0:17  Supply Depot  
  14  0:25  SCV  
  15  0:29  Refinery  
  15  0:43  Barracks  
  15  0:46  SCV  
  16  1:03  SCV  
  16  1:04  Barracks  
  17  1:15  SCV  
  18  1:28  Refinery  
  18  1:30  Orbital Command  
  18  1:36  Marine  
  19  1:47  Factory  
  19  1:51  Marine  
  20  2:00  Supply Depot  
  20  2:02  Marine  
  21  2:10  SCV  
  21  2:12  Marine  
  23  2:22  SCV, Marine  
  25  2:34  Factory Tech Lab, Supply Depot  
  25  2:36  Marine  
  26  2:44  SCV  
  26  2:46  Marine  
  28  2:54  Marine  
  28  2:58  Engineering Bay  
  29  3:00  Siege Tank  
  29  3:03  SCV  
  33  3:15  Barracks Tech Lab  
  33  3:18  SCV  
  34  3:21  Barracks Reactor  
  34  3:27  Missile Turret  
  34  3:31  SCV  
  35  3:34  Starport  
  35  3:43  SCV  
  35  3:48  Siege Tank  
  39  3:56  Supply Depot  
  39  4:18  SCV  
  40  4:26  Command Center  
  40  4:32  SCV  
  41  4:44  SCV  
  42  4:48  Missile Turret  
  42  4:56  SCV  
  42  4:57  Siege Tank  
  46  5:03  Supply Depot  
  46  5:08  SCV  
  47  5:25  Marine, SCV, Viking  
  51  5:29  Missile Turret  
  51  5:36  Refinery  
  51  5:37  SCV  
  51  5:41  Orbital Command  
  52  5:45  Marine x2  
  52  5:49  SCV  
  55  6:01  SCV, Starport Reactor  
  55  6:02  Terran Infantry Weapons Level 1  
  56  6:04  Stimpack  
  56  6:07  Siege Tank  
  59  6:13  SCV  
  60  6:22  Missile Turret  
  60  6:24  SCV  
  61  6:26  SCV  
  61  6:32  Missile Turret  
  62  6:33  Refinery  
  62  6:36  SCV, Supply Depot  
  63  6:46  Siege Tank  
  66  6:50  Supply Depot  
  66  6:53  SCV, Armory  
  67  6:54  Supply Depot  
  67  6:56  SCV  
  68  7:04  Marine x2  
  68  7:05  SCV  
  71  7:09  SCV  
  72  7:16  Marine  
  72  7:18  SCV  
  72  7:21  SCV, Command Center  
  72  7:22  Marine  
  76  7:30  SCV  
  76  7:33  SCV  
  76  7:34  Supply Depot  
  78  7:40  Sensor Tower  
  78  7:48  Factory  
  78  7:49  Viking x2  
  82  7:53  Terran Ship Weapons Level 1  
  82  7:55  SCV x2, Starport  
  82  7:56  Supply Depot  
  84  8:07  SCV  
  84  8:12  Armory  
  85  8:19  Viking  
  87  8:20  Combat Shields  
  87  8:25  SCV x2  
  89  8:31  Marine x2  
  89  8:32  Marine  
  92  8:35  Starport Reactor  
  92  8:36  Terran Infantry Weapons Level 2, Refinery  
  92  8:37  SCV x2  
  92  8:39  Engineering Bay  
  94  8:43  Planetary Fortress  
  94  8:48  Refinery  
  94  8:49  SCV, Marine  
  94  8:52  Factory Tech Lab  
  94  8:53  Siege Tank  
  96  9:35  SCV x3  
  99  9:38  Concussive Shells  
  99  9:47  Marine x3, SCV x3  
  108  9:52  Siege Tank  
  108  9:53  Siege Tank  
  108  9:54  Viking x4  
  119  10:02  Terran Infantry Armor Level 1  
  119  10:03  Terran Ship Weapons Level 2  
  119  10:05  Marine x3  
  119  10:06  Terran Vehicle And Ship Armor Level 1  
  122  10:09  Armory  
  122  10:22  Marine x2  
  122  10:23  Marine  
  122  10:24  Barracks  
  122  10:27  Barracks  
  122  10:28  Barracks  
  125  10:51  Supply Depot  
  125  10:52  Supply Depot  
  125  10:55  Marine x2  
  125  10:56  SCV x3, Siege Tank x2  
  136  11:00  Viking x2  
  140  11:08  SCV  
  140  11:11  Supply Depot  
  141  11:12  Supply Depot, Viking x2  
  141  11:13  Supply Depot  
  141  11:14  Supply Depot  
  141  11:15  Supply Depot  
  141  11:16  Supply Depot  
  141  11:17  Missile Turret, Supply Depot  
  145  11:26  Sensor Tower  
  145  11:31  Barracks Tech Lab, Barracks Reactor x2  
  145  11:35  Marine x3  
  145  11:37  Terran Vehicle Weapons Level 1  
  148  11:42  Terran Infantry Weapons Level 3  
  148  11:52  Marine, Viking x4  
  148  11:53  Marine  
  158  12:00  Terran Infantry Armor Level 2  
  158  12:03  Terran Vehicle And Ship Armor Level 2  
  158  12:06  Marine x3  
  158  12:07  Marine x2  
  163  12:22  Viking x2  
  167  12:30  SCV x2  
  167  12:37  Command Center  
  169  12:38  Siege Tank x2  
  175  12:45  Marine x3  
  175  12:48  SCV  
  175  12:49  SCV x2  
  181  13:12  Refinery  
  181  13:15  Refinery  
  181  13:19  Missile Turret  
  181  13:23  Siege Tank x2  
  181  13:26  Terran Ship Weapons Level 3  
  187  13:33  Fusion Core  
  187  13:35  Missile Turret  
  187  13:36  Missile Turret  
  187  13:41  Starport  
  187  13:47  Starport  
  187  13:56  Orbital Command  
  187  14:22  Weapon Refit  
  187  14:29  Terran Infantry Armor Level 3  
  161  15:01  Starport Tech Lab x2  
  156  15:58  Battlecruiser x2  
  168  16:05  Terran Vehicle Weapons Level 2  
  168  16:06  Terran Vehicle And Ship Armor Level 3  
  168  16:40  Sensor Tower  
  168  16:56  Starport  
  168  16:57  Advanced Ballistics  
  168  16:58  Starport  
  168  17:00  Cloaking Field  
  168  17:02  Battlecruiser x2  
  180  17:33  Starport Tech Lab  
  180  17:34  Starport Tech Lab  
  172  18:06  Battlecruiser  
  172  18:07  Battlecruiser  
  178  18:33  Siege Tank x2  
  184  19:00  Battlecruiser x2  
  196  19:05  Siege Tank  
  191  19:33  Battlecruiser  
  197  19:40  Marine x3  
  197  19:44  Command Center  
  193  20:23  Marine x7  
  176  21:15  Battlecruiser x3  
  194  21:26  Battlecruiser  
  200  21:38  Orbital Command, Refinery  
  200  21:40  Refinery  
  200  21:56  Command Center  
Tags
 
Add a new tag
Caveats
  • Supply blocks, unpowered buildings, or Contaminate may cause inaccurate times.
  • Supply counts are checked every 10 seconds.